[Event "*** SCC Grand Prix: Titled Tuesday Blitz"]
[Site "Chess.com"]
[Date "2020.09.29"]
[Round "3"]
[White "valeriocarnicelli"]
[Black "monalize"]
[Result "1-0"]
[WhiteElo "2510"]
[BlackElo "2292"]
[TimeControl "180+1"]
[EndTime "10:25:38 PDT"]
[Termination "valeriocarnicelli won by resignation"]

1. e4 c5 2. Nf3 d6 3. d4 cxd4 4. Nxd4 Nf6 5. Nc3 a6 6. f3 e6 7. Be3 h5 8. Qd2 b5 9. O-O-O Bb7 10. h3 Nbd7 11. Bd3 h4 12. Kb1 Be7 13. a3 Rc8 14. f4 Qc7 15. Rhe1 Nc5 16. e5 dxe5 17. fxe5 Nfd7 18. Bf4 Nxd3 19. Qxd3 Nb6 20. Nxe6 fxe6 21.
Qg6+ Kf8 22. Rf1 Kg8 23. Be3 Na4 24. Rf7 Rh7 25. Bh6 Nxc3+ 26. bxc3 Be4 27. Rxg7+ 1-0

[Event "*** SCC Grand Prix: Titled Tuesday Blitz"]
[Site "Chess.com"]
[Date "2020.09.29"]
[Round "3"]
[White "ChelsieMonica"]
[Black "rugbyclub"]
[Result "1-0"]
[WhiteElo "2375"]
[BlackElo "2165"]
[TimeControl "180+1"]
[EndTime "10:25:43 PDT"]
[Termination "ChelsieMonica won by resignation"]

1. e4 e6 2. d4 d5 3. exd5 exd5 4. Nf3 Nc6 5. Bd3 Bd6 6. c3 Nge7 7. Bg5 f6 8. Bh4 Bg4 9. h3 Bf5 10. Qc2 Qd7 11. Nbd2 O-O-O 12. O-O-O Kb8 13. Rhe1 h5 14. Bg3 g5 15. Bxd6 cxd6 16. Bxf5 Nxf5 17. Qb3 Nce7 18.
Kb1 g4 19. Ng1 Rhg8 20. hxg4 Rxg4 21. g3 h4 22. gxh4 Rxh4 23. Ndf3 Rg4 24. Ne2 Re4 25. Nd2 Rg4 26. Nc1 Rg2 27. Nd3 Rdg8 28. Nf4 Rxf2 29. Nxd5 Rgg2 30. Kc1 Re2 31. Rh1 Rh2 32. Rhg1 Rhg2 33.
Rxg2 Rxg2 34. Nxf6 Qc6 35. d5 Qc5 36. Nd7+ 1-0

[Event "*** SCC Grand Prix: Titled Tuesday Blitz"]
[Site "Chess.com"]
[Date "2020.09.29"]
[Round "3"]
[White "Herracek"]
[Black "swimmerchess"]
[Result "0-1"]
[WhiteElo "2633"]
[BlackElo "2830"]
[TimeControl "180+1"]
[EndTime "10:25:47 PDT"]
[Termination "swimmerchess won by checkmate"]

1. c4 Nf6 2. Nc3 c5 3. g3 d5 4.
cxd5 Nxd5 5. Bg2 Nc7 6. Nf3 Nc6 7. O-O e5 8. a3 Rb8 9. e3 Be7 10. Re1 O-O 11. d4 cxd4 12. exd4 exd4 13. Ne2 Ne6 14. Nf4 a5 15. Nd3 b6 16. Bd2 Bb7 17. Rc1 Rc8 18.
b4 axb4 19. axb4 Na7 20. Qa4 Ra8 21. Nf4 Nxf4 22. Bxf4 Nc6 23. Qb5 Bxb4 24. Rxc6 Bxe1 25. Rxb6 Bxf3 26. Bxf3 Ra2 27. Rd6 Bxf2+ 28. Kf1 Qe7 29. Be2 Re8 30. Be5 Be3 31. Rd7 Qe6 32. Bc4 Qh3+ 33. Ke1 Ra1+ 34. Ke2 Qg2+ 35. Kd3 Rd1# 0-1

[Event "*** SCC Grand Prix: Titled Tuesday Blitz"]
[Site "Chess.com"]
[Date "2020.09.29"]
[Round "3"]
[White "novocane"]
[Black "GregShahade"]
[Result "0-1"]
[WhiteElo "2297"]
[BlackElo "2617"]
[TimeControl "180+1"]
[EndTime "10:25:48 PDT"]
[Termination "GregShahade won by resignation"]

1. d4 Nf6 2. c4 g6 3. Nc3 d5 4.
cxd5 Nxd5 5. e4 Nxc3 6. bxc3 Bg7 7. Qa4+ Nd7 8. Nf3 O-O 9. Be3 c5 10. Rd1 Qc7 11. Qa3 b6 12. Bd3 Bb7 13. O-O e6 14. Rfe1 Rfd8 15. Bg5 Bf6 16. Bxf6 Nxf6 17. h3 Rac8 18. Rc1 a6 19. Bb1 b5 20. Qb2 Qf4 21. Qe2 cxd4 22. e5 Bxf3 23. gxf3 Nd5 24. c4 bxc4 25.
Rxc4 Qg5+ 0-1

[Event "*** SCC Grand Prix: Titled Tuesday Blitz"]
[Site "Chess.com"]
[Date "2020.09.29"]
[Round "3"]
[White "Sanyura"]
[Black "GMJustin"]
[Result "1-0"]
[WhiteElo "2603"]
[BlackElo "2288"]
[TimeControl "180+1"]
[EndTime "10:25:48 PDT"]
[Termination "Sanyura won on time"]

1. e4 e6 2. d4 d5 3. Nc3 a6 4.
exd5 exd5 5. Nf3 Nf6 6. Bd3 Be7 7. O-O O-O 8. h3 b5 9. a4 b4 10. Ne2 c5 11. dxc5 Bxc5 12. c3 h6 13. Ned4 Re8 14. Bf4 bxc3 15. bxc3 Bd7 16. Ne5 Ne4 17. Nxd7 Qxd7 18. Qf3 Nc6 19. Nxc6 Qxc6 20. Rac1 Rad8 21. c4 Qxa4 22. cxd5 Bb6 23. Rc4 Qb3 24. Rxe4 1-0

[Event "*** SCC Grand Prix: Titled Tuesday Blitz"]
[Site "Chess.com"]
[Date "2020.09.29"]
[Round "3"]
[White "Morshynska"]
[Black "SharapovEvgeny"]
[Result "0-1"]
[WhiteElo "2210"]
[BlackElo "2476"]
[TimeControl "180+1"]
[EndTime "10:25:50 PDT"]
[Termination "SharapovEvgeny won on time"]

1. Nf3 c5 2. g3 Nc6 3. d4 cxd4 4. Nxd4 Nf6 5. Bg2 g6 6. O-O Bg7 7. e4 O-O 8. c4 Nxd4 9. Qxd4 d6 10. Nc3 Be6 11.
Qd3 Rc8 12. b3 d5 13. e5 Nd7 14. Nxd5 Nxe5 15. Qe2 Nf3+ 16. Bxf3 Bxa1 17. Ba3 Bxd5 18.
Bxd5 Bf6 19. Bxb7 Rb8 20. Bd5 Qa5 21. Bxe7 Rbe8 0-1

[Event "*** SCC Grand Prix: Titled Tuesday Blitz"]
[Site "Chess.com"]
[Date "2020.09.29"]
[Round "3"]
[White "PlotnikovPavel"]
[Black "PLAYER_2006_M"]
[Result "0-1"]
[WhiteElo "2366"]
[BlackElo "2573"]
[TimeControl "180+1"]
[EndTime "10:25:52 PDT"]
[Termination "PLAYER_2006_M won by checkmate"]

1. e4 e5 2. Nf3 Nc6 3. Nc3 Nf6 4. d4 exd4 5. Nxd4 Bb4 6. Nxc6 bxc6 7. Bd3 d5 8. exd5 cxd5 9. O-O O-O 10. Bg5 c6 11.
Qf3 h6 12. Bxf6 Qxf6 13. Qxf6 gxf6 14. Ne2 Rb8 15. c3 Bd6 16. b4 Be6 17. Nd4 Rbc8 18. Ba6 Rc7 19. Rae1 Re8 20. Nf5 Be5 21. Nxh6+ Kg7 22.
f4 Bxc3 23. Nf5+ Kf8 24. Nd6 Rd8 25. Nb7 Rb8 26. Nc5 Bxe1 27. Rxe1 Bf5 28. a3 Re7 29. Rc1 Re3 30. Bb7 Rxa3 31. Bxc6 d4 32. Bd7 Rc3 33. Rxc3 dxc3 34. Bxf5 Rxb4 35. Kf2 Rxf4+ 36. Ke3 Rxf5 37. Nb3 Rb5 38. Nc1 c2 39. Kd2 Rc5 40. Nb3 Rc8 41. Nc1 Kg7 42. Nb3 f5 43. Nc1 Kf6 44. Nb3 Kg5 45. Nc1 a5 46. Nb3 a4 47. Nc1 f4 48.
Nd3 f5 49. Nc1 f3 50. gxf3 Kf4 51. Nd3+ Kxf3 52. Nc1 a3 53. Nd3 a2 54. Nc1 a1=Q 55. Nb3 Qd1# 0-1

[Event "*** SCC Grand Prix: Titled Tuesday Blitz"]
[Site "Chess.com"]
[Date "2020.09.29"]
[Round "3"]
[White "anon102030"]
[Black "juancruzarias"]
[Result "1-0"]
[WhiteElo "2748"]
[BlackElo "2510"]
[TimeControl "180+1"]
[EndTime "10:25:53 PDT"]
[Termination "anon102030 won by resignation"]

1. e4 e6 2. d3 d5 3. Nd2 c5 4. g3 Nc6 5. Bg2 g6 6. Ngf3 Bg7 7. O-O Nge7 8. Re1 O-O 9. Rb1 Qc7 10. exd5 Nxd5 11. Ne4 b5 12. Nxc5 b4 13. Bd2 a5 14.
Ne4 Ba6 15. Qc1 Rfc8 16. Bh6 Bh8 17. Qd2 Nd4 18. Nxd4 Bxd4 19. Re2 a4 20. Qg5 Qe5 21.
Qxe5 Bxe5 22. Ng5 Bf6 23. Nxe6 fxe6 24. Rxe6 Bb7 25. Rxf6 Rxc2 26. Rd6 Rc5 27. d4 Rb5 28. Rc1 Re8 29. Rd7 Ba8 30. Rg7+ Kh8 31. Ra7 Nb6 32. Rcc7 1-0

[Event "*** SCC Grand Prix: Titled Tuesday Blitz"]
[Site "Chess.com"]
[Date "2020.09.29"]
[Round "3"]
[White "Region_07"]
[Black "latixxa"]
[Result "0-1"]
[WhiteElo "2360"]
[BlackElo "2190"]
[TimeControl "180+1"]
[EndTime "10:25:54 PDT"]
[Termination "latixxa won on time"]

1. e4 c5 2. Nf3 d6 3. Nc3 Nf6 4. e5 dxe5 5. Nxe5 Nc6 6. Nxc6 bxc6 7.
Be2 e6 8. O-O Bd6 9. Bf3 O-O 10.
d3 Bc7 11. g3 Bb7 12. Bg5 h6 13. Be3 Bd6 14. Na4 Qe7 15. Qd2 Nd5 16. c4 Nxe3 17.
Qxe3 Rfd8 18. a3 Rab8 19. Rfd1 e5 20. Rab1 f5 21. b4 cxb4 22. c5 Bc7 23. axb4 Ba6 24. d4 e4 25. Bg2 Bc4 26. Nc3 Qf7 27. Bh3 Bd5 28. f4 exf3 29. Rf1 Re8 30. Nxd5 Qxd5 31. Qxf3 Qxd4+ 0-1

[Event "*** SCC Grand Prix: Titled Tuesday Blitz"]
[Site "Chess.com"]
[Date "2020.09.29"]
[Round "3"]
[White "northridgehawk"]
[Black "DarZay"]
[Result "0-1"]
[WhiteElo "2311"]
[BlackElo "2081"]
[TimeControl "180+1"]
[EndTime "10:25:55 PDT"]
[Termination "DarZay won by checkmate"]

1. e4 c5 2. Nf3 d6 3. d4 cxd4 4. Nxd4 Nf6 5. Nc3 Nc6 6. f3 Bd7 7. Be3 e5 8. Nb3 Be7 9. Qd2 O-O 10. O-O-O a5 11. Bb5 Nb4 12. a4 Rc8 13. Kb1 Bxb5 14. axb5 a4 15. Nxa4 Nxc2 16. Bb6 Qd7 17. Qe2 Qe6 18.
Rd3 Nb4 19. Re3 Rc2 20. Qxc2 Nxc2 21. Kxc2 Rc8+ 22. Nc3 d5 23. exd5 Qxb6 24. Rxe5 Bd6 25. Re2 Nxd5 26. Rhe1 Nxc3 27. bxc3 Qxb5 28. Rd2 Bb4 29.
Re3 Qc4 30. Rdd3 g6 31. Kb2 Ra8 32. cxb4 Qxb4 33. Rc3 Qa3+ 34. Kc2 Qa2+ 35. Kd3 Rd8+ 36. Ke4 Qa4+ 37. Ke5 Kg7 38. Nc5 f6+ 39. Ke6 Qe8# 0-1

[Event "*** SCC Grand Prix: Titled Tuesday Blitz"]
[Site "Chess.com"]
[Date "2020.09.29"]
[Round "3"]
[White "Miss_JJ20"]
[Black "Quiet_Desperation"]
[Result "1-0"]
[WhiteElo "2457"]
[BlackElo "2013"]
[TimeControl "180+1"]
[EndTime "10:25:57 PDT"]
[Termination "Miss_JJ20 won by resignation"]

1. d4 d5 2. c4 c6 3. cxd5 cxd5 4. Nc3 Nf6 5. Bf4 Nc6 6. e3 Bf5 7. Nf3 e6 8. Qb3 Bb4 9. Ne5 Qa5 10. Be2 Ne4 11.
O-O O-O 12. Nxe4 Bxe4 13. a3 Be7 14. Qxb7 Nxe5 15. Bxe5 Rfe8 16. Rac1 Qd2 17. Bb5 Bg5 18. Bxe8 Rxe8 19. Rc8 1-0

[Event "*** SCC Grand Prix: Titled Tuesday Blitz"]
[Site "Chess.com"]
[Date "2020.09.29"]
[Round "3"]
[White "Nils_03"]
[Black "Djager97"]
[Result "0-1"]
[WhiteElo "2243"]
[BlackElo "2483"]
[TimeControl "180+1"]
[EndTime "10:25:58 PDT"]
[Termination "Djager97 won by resignation"]

1. d4 Nf6 2. Bg5 Ne4 3. h4 d5 4. Nd2 Nxg5 5. hxg5 g6 6. Ngf3 Bg7 7. e3 c5 8. c3 Nc6 9. Bd3 O-O 10. Qe2 e5 11.
dxe5 Nxe5 12. Nxe5 Bxe5 13. O-O-O Be6 14. f4 Bg7 15.
Rh2 Qa5 16. Kb1 d4 17. cxd4 Qxa2+ 18. Kc2 cxd4 19. Rb1 dxe3 20. Qxe3 Qa4+ 21. b3 Qa2+ 22. Kd1 Bg4+ 23. Ke1 Rfe8 24. Ne4 Bf5 25. g4 Bxe4 26. Rxa2 Bxd3 27. Qxe8+ Rxe8+ 28. Kd2 Bxb1 0-1

[Event "*** SCC Grand Prix: Titled Tuesday Blitz"]
[Site "Chess.com"]
[Date "2020.09.29"]
[Round "3"]
[White "MFBerna"]
[Black "ChessAurochs"]
[Result "0-1"]
[WhiteElo "2373"]
[BlackElo "2578"]
[TimeControl "180+1"]
[EndTime "10:26:00 PDT"]
[Termination "ChessAurochs won by resignation"]

1. e4 e5 2. Nf3 Nc6 3. Bb5 a6 4. Ba4 g6 5. O-O Bg7 6. Re1 Nge7 7. c3 O-O 8. d4 exd4 9. cxd4 b5 10. Bb3 Na5 11. Bc2 d6 12. h3 c5 13. Nc3 h6 14.
Bf4 Qb6 15. dxc5 dxc5 16. Qd6 Nec6 17. Nd5 Qa7 18. Ne5 Nxe5 19. Bxe5 Nc4 20. Nf6+ Kh8 21. Qc7 Qxc7 22. Bxc7 Bxf6 0-1

[Event "*** SCC Grand Prix: Titled Tuesday Blitz"]
[Site "Chess.com"]
[Date "2020.09.29"]
[Round "3"]
[White "PowerThinking2650"]
[Black "EvgenyRomanov"]
[Result "0-1"]
[WhiteElo "2377"]
[BlackElo "2589"]
[TimeControl "180+1"]
[EndTime "10:26:01 PDT"]
[Termination "EvgenyRomanov won on time"]

1. e4 e6 2. d4 d5 3. Nd2 Nc6 4. Ngf3 Nf6 5. e5 Nd7 6. Nb3 a5 7. a4 f6 8. Bb5 fxe5 9. Ng5 Qf6 10. dxe5 Ndxe5 11. O-O Bd6 12. f4 Nf7 13. Nd4 O-O 14. Nxc6 bxc6 15. Bxc6 Rb8 16. Nxf7 Rxf7 17. Bb5 Bb7 18.
c3 e5 19. Be3 exf4 20. g3 Qg5 21. Bd2 Bc5+ 0-1

[Event "*** SCC Grand Prix: Titled Tuesday Blitz"]
[Site "Chess.com"]
[Date "2020.09.29"]
[Round "3"]
[White "shriyanasmallya"]
[Black "Steven_Rojas"]
[Result "0-1"]
[WhiteElo "1591"]
[BlackElo "2454"]
[TimeControl "180+1"]
[EndTime "10:26:02 PDT"]
[Termination "Steven_Rojas won by checkmate"]

1. e4 e5 2. Nf3 Nc6 3. d4 exd4 4. Nxd4 Bc5 5. Be3 Qf6 6. c3 Nge7 7. Bb5 Qg6 8. Nxc6 Qxg2 9. Rf1 dxc6 10. Bxc6+ Nxc6 11.
Bxc5 Bh3 12. Qe2 Qxf1+ 13. Qxf1 Bxf1 14. Kxf1 O-O-O 15. Na3 Rhe8 16. f3 f5 17. exf5 Rd5 18. Bf2 Rxf5 19. Kg2 Ne5 20. Re1 Re6 21. Nc4 Rg6+ 22.
Bg3 Nxc4 23. Re8+ Kd7 24. Re4 Nxb2 25. Rd4+ Kc6 26. Rb4 Nd1 27. Rc4+ Rc5 28. Rxc5+ Kxc5 29. Kf1 Nxc3 30. Bxc7 Nxa2 31. Bf4 b5 32. Ke2 Kc4 33.
Kd1 Nb4 34. Kc1 Nd5 35. Bd2 Rg2 36. h4 Kd3 37. Ba5 b4 38. Kb1 b3 39. Ka1 Nc3 40.
Bxc3 Kxc3 41. f4 Rg1# 0-1

[Event "*** SCC Grand Prix: Titled Tuesday Blitz"]
[Site "Chess.com"]
[Date "2020.09.29"]
[Round "3"]
[White "Parhamov"]
[Black "Beltraxtor"]
[Result "1-0"]
[WhiteElo "2963"]
[BlackElo "2581"]
[TimeControl "180+1"]
[EndTime "10:26:04 PDT"]
[Termination "Parhamov won on time"]

1. e4 c5 2. Nf3 e6 3. d4 cxd4 4. Nxd4 Nc6 5. Be2 Nf6 6. Nc3 Qc7 7. O-O a6 8. Kh1 d5 9. exd5 exd5 10. Bg5 Be6 11.
Bxf6 gxf6 12. Bg4 Nxd4 13. Qxd4 Qc4 14. Qxc4 dxc4 15. Rfe1 Bc5 16. Bxe6 fxe6 17. Rxe6+ Kf7 18. Re4 b5 19. a4 Rhd8 20. axb5 axb5 21. Rxa8 Rxa8 22.
g3 b4 23. Ne2 c3 24. bxc3 bxc3 25. Nxc3 Bxf2 26. Kg2 Rc8 27. Kxf2 Rxc3 28. Re2 h5 29. Ke1 Kg6 30. Kd2 Rc6 31. Re4 Kg5 32. c4 1-0

[Event "*** SCC Grand Prix: Titled Tuesday Blitz"]
[Site "Chess.com"]
[Date "2020.09.29"]
[Round "3"]
[White "Anton_Demchenko"]
[Black "fabianvivasz"]
[Result "1-0"]
[WhiteElo "2822"]
[BlackElo "2439"]
[TimeControl "180+1"]
[EndTime "10:26:06 PDT"]
[Termination "Anton_Demchenko won on time"]

1. e4 e5 2. Nf3 Nc6 3. Bc4 Nf6 4. d3 Bc5 5. Bg5 h6 6. Bh4 d6 7. c3 Bb6 8. Nbd2 Be6 9. a4 a5 10. O-O g5 11. Bg3 Bg4 12. Kh1 Nh5 13. h3 Bxf3 14.
Qxf3 Nf4 15. Bxf4 gxf4 16. Qh5 Qe7 17. Nf3 O-O-O 18. Qxf7 Qxf7 19. Bxf7 Rdf8 20. Be6+ Kd8 21. h4 Ke7 22. Bh3 Rhg8 23. Rad1 Rg7 24. d4 Kf6 25.
Rd2 Re7 26. dxe5+ Nxe5 27. Nd4 Nc4 28. Re2 Bxd4 29. cxd4 Rfe8 30. b3 Nb6 31. f3 c5 32. Rd2 1-0

[Event "*** SCC Grand Prix: Titled Tuesday Blitz"]
[Site "Chess.com"]
[Date "2020.09.29"]
[Round "3"]
[White "Oscar-Luna"]
[Black "K_A_S_T_O_R"]
[Result "0-1"]
[WhiteElo "2158"]
[BlackElo "2715"]
[TimeControl "180+1"]
[EndTime "10:26:14 PDT"]
[Termination "K_A_S_T_O_R won on time"]

1. e4 c5 2. c4 Nc6 3. Nc3 g6 4. g3 Bg7 5. Bg2 d6 6. Nge2 b6 7.
f4 Bb7 8. O-O Qd7 9. d3 f5 10. a3 Nf6 11. Rb1 O-O 12. h3 e6 13.
b4 Rab8 14. Be3 Ba8 15. d4 cxd4 16. Nxd4 fxe4 17. b5 Na5 18. Qe2 Rbc8 19. g4 Nxc4 20. g5 Nd5 21. Nxd5 Bxd5 22. Rfd1 Nxa3 23. Ra1 Nc4 24.
Nc6 a5 25. Rac1 Bxc6 26. bxc6 Qxc6 0-1

[Event "*** SCC Grand Prix: Titled Tuesday Blitz"]
[Site "Chess.com"]
[Date "2020.09.29"]
[Round "3"]
[White "antoszu"]
[Black "Orest_Vovk"]
[Result "1-0"]
[WhiteElo "2606"]
[BlackElo "2394"]
[TimeControl "180+1"]
[EndTime "10:26:15 PDT"]
[Termination "antoszu won by resignation"]

1. e4 g5 2. d4 g4 3. Qxg4 d5 4. Qf3 dxe4 5. Qxe4 Nf6 6. Qh4 Rg8 7. h3 Nc6 8. c3 Qd5 9. Nf3 Bf5 10. Qf4 O-O-O 11. Nbd2 e6 12. Bc4 Qd7 13. g4 Bd6 14. Ne5 Bxe5 15. dxe5 Nd5 16. Qg3 Bc2 17. Nf3 Nxc3 18.
O-O Ne4 19. Qf4 h5 20. g5 Nd4 21.
h4 Qc6 22. Nxd4 Rxd4 23. Qxf7 Rdd8 24. Qxe6+ Qxe6 25. Bxe6+ Kb8 26. Bxg8 Rxg8 27. Be3 1-0

[Event "*** SCC Grand Prix: Titled Tuesday Blitz"]
[Site "Chess.com"]
[Date "2020.09.29"]
[Round "3"]
[White "Alexander_Moskalenko"]
[Black "Skatchkov_V"]
[Result "1-0"]
[WhiteElo "2835"]
[BlackElo "2639"]
[TimeControl "180+1"]
[EndTime "10:26:16 PDT"]
[Termination "Alexander_Moskalenko won by resignation"]

1. c4 e5 2. Nc3 Nf6 3. Nf3 Nc6 4. d3 g6 5. g3 Bg7 6. Bg2 O-O 7. O-O d5 8. cxd5 Nxd5 9. Nxe5 Nxc3 10. Nxc6 Nxd1 11.
Nxd8 Nxb2 12. Bxb2 Bxb2 13. Rab1 Rxd8 14. Rxb2 Rb8 15.
f4 b6 16. Rc1 c5 17. Rxc5 Be6 18. Rcc2 Rd4 19. Kf2 Ra4 20. Bc6 Ra3 21. d4 Rd8 22.
Rd2 Bd5 23. Bxd5 Rxd5 24. e4 Rda5 25. d5 Kf8 26. d6 Ke8 27. Rbc2 Rc5 28. Rxc5 bxc5 29.
e5 Kd7 30. Rb2 Kc6 31. Ke2 c4 32. Rb8 Rxa2+ 33. Ke3 Rxh2 34. Rc8+ Kd7 35. Rc7+ Kd8 36. Rxc4 Rg2 37. Kf3 Rb2 38. Rc7 Rb3+ 39. Ke4 a5 40. Rxf7 a4 41. Rxh7 a3 42. Ra7 Rxg3 43. e6 Kc8 44. e7 1-0

[Event "*** SCC Grand Prix: Titled Tuesday Blitz"]
[Site "Chess.com"]
[Date "2020.09.29"]
[Round "3"]
[White "angryhorse9"]
[Black "ARTHURMOTIVATOR"]
[Result "1-0"]
[WhiteElo "2545"]
[BlackElo "2354"]
[TimeControl "180+1"]
[EndTime "10:26:16 PDT"]
[Termination "angryhorse9 won on time"]

1. e4 c6 2. d4 d5 3. Nc3 dxe4 4.
Nxe4 Nf6 5. Nxf6+ gxf6 6. c3 h5 7. Bd3 h4 8. Ne2 Rg8 9. g3 Bg4 10. Qc2 Qd7 11. Bf4 Na6 12. O-O-O b5 13. Be4 Be6 14.
Kb1 f5 15. Bf3 Bd5 16. Bxd5 Qxd5 17. Be3 hxg3 18. hxg3 e6 19. Nf4 Qd7 20. Rhe1 Nc7 21. Bc1 Nd5 22. Nd3 Bd6 23. Ne5 Bxe5 24. Rxe5 O-O-O 25. b3 Nb6 26. Bf4 Nd5 27. Bc1 f6 28. Ree1 Rge8 29.
Ba3 Nb6 30. Bc5 Qc7 31. Qe2 Nd7 32. Ba3 Nb6 33. Kb2 Nd5 34. Bc5 a5 35. Qc2 b4 36.
cxb4 axb4 37. Qc4 Qb7 38. Rc1 Kd7 39. Rh1 Qb5 40. Rh7+ Kc8 41. Qxb5 cxb5 42. Bd6+ Nc3 43. Bxb4 1-0

[Event "*** SCC Grand Prix: Titled Tuesday Blitz"]
[Site "Chess.com"]
[Date "2020.09.29"]
[Round "3"]
[White "floplover"]
[Black "canary2016"]
[Result "1-0"]
[WhiteElo "2307"]
[BlackElo "1907"]
[TimeControl "180+1"]
[EndTime "10:26:16 PDT"]
[Termination "floplover won by checkmate"]

1. d4 d5 2. c4 c6 3. Nf3 Nf6 4.
e3 Bf5 5. Nc3 e6 6. Nh4 Be4 7.
f3 Bg6 8. Qb3 Qc7 9. Bd2 Be7 10.
g3 Nbd7 11. O-O-O a5 12. Nxg6 hxg6 13. Bg2 Nb6 14. c5 Nc4 15. e4 Nxd2 16. Rxd2 dxe4 17. fxe4 Ng4 18. Bf3 Nf6 19. e5 Nd5 20. Ne4 a4 21.
Qc4 Ne3 22. Qd3 Nd5 23. Nd6+ Bxd6 24. exd6 Qa5 25. Bxd5 cxd5 26. Rf1 O-O 27. h4 a3 28. Qxa3 Qxa3 29. bxa3 Rxa3 30. Rb2 Rxg3 31. Rxb7 Rg4 32. c6 Rxd4 33. c7 Rc4+ 34. Kb1 Rc6 35.
d7 Kh7 36. d8=Q Rxc7 37. Qxc7 Ra8 38. Qxf7 Rg8 39. Rg1 Kh6 40. Qxg6# 1-0

[Event "*** SCC Grand Prix: Titled Tuesday Blitz"]
[Site "Chess.com"]
[Date "2020.09.29"]
[Round "3"]
[White "Dr-Bassem"]
[Black "SergeyShtyka"]
[Result "1-0"]
[WhiteElo "2758"]
[BlackElo "2425"]
[TimeControl "180+1"]
[EndTime "10:26:18 PDT"]
[Termination "Dr-Bassem won by resignation"]

1. e4 c5 2. Nf3 Nc6 3. g3 g6 4.
Bg2 Bg7 5. O-O e6 6. c3 Nge7 7. d4 cxd4 8. cxd4 d5 9. e5 O-O 10. Nc3 a6 11. Re1 b5 12. h4 Nf5 13. Bf4 Qb6 14.
Ne2 Bb7 15. g4 Nfe7 16. h5 Rac8 17. h6 Bh8 18. Bg5 Rfe8 19. Qd2 Nb8 20. Rac1 Nd7 21.
Rxc8 Nxc8 22. Rc1 b4 23. Qc2 f6 24. exf6 Bxf6 25. Qc7 Rd8 26. Bxf6 Qxc7 27. Rxc7 Nxf6 28. Rxb7 Nxg4 29. Rg7+ Kh8 30. Ng5 Nxh6 31. Rxh7+ 1-0

[Event "*** SCC Grand Prix: Titled Tuesday Blitz"]
[Site "Chess.com"]
[Date "2020.09.29"]
[Round "3"]
[White "ApacheSVD"]
[Black "lelya96"]
[Result "1-0"]
[WhiteElo "2416"]
[BlackElo "2210"]
[TimeControl "180+1"]
[EndTime "10:26:19 PDT"]
[Termination "ApacheSVD won by resignation"]

1. e4 e5 2. Nf3 Nc6 3. Bc4 Nf6 4.
d3 Be7 5. O-O O-O 6. Re1 d6 7. a4 a5 8. Nc3 Be6 9. Nd5 Bxd5 10.
exd5 Nb8 11. d4 c6 12. dxe5 dxe5 13. Nxe5 Nxd5 14. Bxd5 cxd5 15. c3 Nc6 16. Qe2 Bc5 17. Be3 Bxe3 18. Qxe3 Re8 19. Nxc6 bxc6 20. Qc5 Qc7 21. g3 h6 22. Kg2 Rac8 23. Rad1 Qb7 24. Rxe8+ Rxe8 25. Rd2 Ra8 26. Re2 Rc8 27. Qxa5 Qxb2 28.
Rxb2 1-0

[Event "*** SCC Grand Prix: Titled Tuesday Blitz"]
[Site "Chess.com"]
[Date "2020.09.29"]
[Round "3"]
[White "Nastya_Rakhmangulova"]
[Black "Infernal_XaM"]
[Result "0-1"]
[WhiteElo "2443"]
[BlackElo "2844"]
[TimeControl "180+1"]
[EndTime "10:26:20 PDT"]
[Termination "Infernal_XaM won on time"]

1. e4 c5 2. Nf3 d6 3. d4 cxd4 4. Nxd4 Nf6 5. Nc3 Nc6 6. Bg5 Qa5 7. Bxf6 gxf6 8. Nb3 Qd8 9. Qd2 h5 10. f4 h4 11. O-O-O Bd7 12. Kb1 Rc8 13. a3 a6 14. Bd3 b5 15. Nd5 e6 16. Nb4 Nb8 17.
Rhe1 Qb6 18. f5 Bh6 19. Qe2 Bf4 20. fxe6 fxe6 21. Qg4 Be5 22. Qg6+ Kd8 23. Be2 Kc7 24. Nd3 Rcg8 25. Qf7 Rf8 26. Qg6 Bxh2 27. e5 fxe5 28. Bf3 Rhg8 29. Qh7 Bg3 30. Re2 Kc8 31. Ne1 d5 32. Nc1 Bc6 33. Ncd3 e4 34. Nb4 Qc7 35. Bh5 Qxh7 0-1

[Event "*** SCC Grand Prix: Titled Tuesday Blitz"]
[Site "Chess.com"]
[Date "2020.09.29"]
[Round "3"]
[White "zajka-molotok"]
[Black "SophieNikoladze"]
[Result "0-1"]
[WhiteElo "2485"]
[BlackElo "2291"]
[TimeControl "180+1"]
[EndTime "10:26:20 PDT"]
[Termination "SophieNikoladze won by resignation"]

1. d4 b5 2. e4 Bb7 3. Bd3 e6 4. Nf3 a6 5. O-O c5 6. c3 d6 7. a4 c4 8. Bc2 Nd7 9. Na3 Qb6 10. d5 e5 11. Be3 Nc5 12. b4 cxb3 13. Bxb3 Nf6 14. Bc2 Be7 15. axb5 axb5 16. c4 b4 17. Nb5 O-O 18. Nd2 Rxa1 19. Qxa1 Ra8 20. Qb1 Qa5 21. Nb3 Qa2 22. f3 Nfd7 23. Bd2 Qxb1 24. Rxb1 Ra2 25. Rc1 Nxb3 26. Bxb3 Rxd2 27. Ra1 Nc5 28. Ra7 g6 29. h3 Rb2 30. Bd1 Rb1 31. Kh2 Rxd1 32. Nc7 b3 0-1

[Event "*** SCC Grand Prix: Titled Tuesday Blitz"]
[Site "Chess.com"]
[Date "2020.09.29"]
[Round "3"]
[White "MateusViageiro"]
[Black "Fh2411"]
[Result "0-1"]
[WhiteElo "2350"]
[BlackElo "2532"]
[TimeControl "180+1"]
[EndTime "10:26:21 PDT"]
[Termination "Fh2411 won on time"]

1. e4 c5 2. Nf3 e6 3. d4 cxd4 4. Nxd4 a6 5. Nc3 Qc7 6. a3 b5 7. Be3 Bb7 8. f3 Nf6 9. Qd2 b4 10. axb4 Bxb4 11. Nde2 d5 12. exd5 Nxd5 13. Bd4 O-O 14.
O-O-O Nc6 15. Kb1 Nxd4 16. Nxd5 Bxd5 17. Qxd4 Qa5 18. c4 Bc6 19. Qe3 Rab8 20. Nd4 Ba4 21.
Be2 Bc3 0-1

[Event "*** SCC Grand Prix: Titled Tuesday Blitz"]
[Site "Chess.com"]
[Date "2020.09.29"]
[Round "3"]
[White "Smirnov_Pavel"]
[Black "Andreikka"]
[Result "1-0"]
[WhiteElo "2678"]
[BlackElo "2843"]
[TimeControl "180+1"]
[EndTime "10:26:23 PDT"]
[Termination "Smirnov_Pavel won by resignation"]

1. d4 Nf6 2. c4 e6 3. Nf3 d5 4. Nc3 Be7 5. Bf4 O-O 6. e3 c5 7. dxc5 Bxc5 8. Rc1 Nc6 9. Be2 d4 10. exd4 Nxd4 11. O-O Nxe2+ 12. Qxe2 b6 13. Rfd1 Qe7 14. a3 a5 15. Na4 Re8 16. Nxc5 Qxc5 17. Bd6 Qc6 18.
Ne5 Qe4 19. Qxe4 Nxe4 20. Bc7 f6 21. Nc6 Ra6 22. b4 axb4 23. axb4 Bb7 24. b5 Ra2 25. Bxb6 h5 26. f3 Ng5 27. h4 Nf7 28. Rd7 Bc8 29.
Ne7+ Kf8 30. Rc7 Nd6 31. Bc5 1-0

[Event "*** SCC Grand Prix: Titled Tuesday Blitz"]
[Site "Chess.com"]
[Date "2020.09.29"]
[Round "3"]
[White "Lagmantr"]
[Black "Grandmaster2B"]
[Result "1-0"]
[WhiteElo "2652"]
[BlackElo "2412"]
[TimeControl "180+1"]
[EndTime "10:26:24 PDT"]
[Termination "Lagmantr won by checkmate"]

1. Nf3 Nf6 2. c4 e6 3. g3 c5 4. Bg2 Nc6 5. O-O Be7 6. b3 O-O 7. Bb2 d5 8. cxd5 exd5 9. d4 cxd4 10. Nxd4 Be6 11. Nxe6 fxe6 12. Nc3 Re8 13. Rc1 Qa5 14. a3 Rad8 15. b4 Qb6 16. Na4 Qb5 17. Nc5 Bxc5 18. Rxc5 Qb6 19. Qb3 Nd7 20. Rcc1 Nde5 21. h3 Nc4 22.
Ba1 a5 23. e4 axb4 24. exd5 exd5 25. Rfd1 bxa3 26. Bxd5+ Rxd5 27. Qxc4 Ne7 28. Rxd5 Nxd5 29. Qxd5+ Kh8 30. Qf7 Rd8 31. Bxg7# 1-0